 Dungeon Crawl Stone Soup version 0.30-a0-415-g685d318daa (webtiles) character file.

Game seed: 17163827815016634679

46 Ijustatesigmund the Magician (level 3, -3/28 HPs)
             Began as a Djinni Fire Elementalist on Dec 8, 2022.
             Slain by Terence
             ... wielding a +0 mace
              (8 damage)
             ... on level 2 of the Dungeon.
             The game lasted 00:03:20 (1452 turns).

Ijustatesigmund the Magician (DjFE)                 Turns: 1452, Time: 00:03:20

Health: -3/28      AC:  2    Str:  7    XL:     3   Next: 92%
Gold:   37         EV: 12    Int: 18    God:
                   SH:  0    Dex: 13

rFire   + + .      SeeInvis .    d - +10 rapier of Overwhelming Force {venom, rC+}
rCold   x . .      Faith    .    (no shield)
rNeg    . . .      Spirit   .    a - +0 robe
rPois   ∞          Reflect  .    (no helmet)
rElec   .          Harm     .    (no cloak)
rCorr   .          Rampage  .    (no gloves)
Will    .....      Clarity  +    (boots unavailable)
Stlth   ++........               (no amulet)
HPRegen 0.24/turn                (no ring)
MPRegen 0.00/turn                (no ring)

@: flying
A: sickness immunity, fire resistance 2, cold vulnerability 2, float, innate
caster, HP casting, extra vitality 1, clarity
a: no special abilities


You were on level 2 of the Dungeon.
You visited 1 branch of the dungeon, and saw 2 of its levels.

You collected 61 gold pieces.
You spent 24 gold pieces at shops.

Inventory:

Hand Weapons
 d - the +10 rapier of Overwhelming Force (weapon) {venom, rC+}
   (You found it on level 2 of the Dungeon)

   It poisons the flesh of those it strikes.
   rC:        It protects you from cold.
Armour
 a - a +0 robe (worn)
Jewellery
 i - a ring of protection from cold
 j - a ring of fire
Scrolls
 f - a scroll of teleportation
 g - a scroll of magic mapping {unknown}
 h - a scroll of identify {unknown}
Potions
 b - 2 potions of ambrosia {unknown}
 c - a potion of flight {unknown}
 e - a potion of heal wounds {unknown}
 k - a potion of mutation


   Skills:
 + Level 2.1 Fighting
 - Level 2.1 Dodging
 - Level 1.5 Stealth
 + Level 3.0 Spellcasting


You couldn't memorise any spells.
You knew the following spells:

 Your Spells              Type           Power      Damage    Failure   Level
a - Foxfire               Conj/Fire      52%        2x1d6     4%          1
b - Scorch                Fire           26%        2d6       7%          2
c - Kindle Blastsparks    Fire/Tloc/Air  26%        2d12      14%         3
d - Inner Flame           Hex/Fire       13%        N/A       14%         3
e - Flame Wave            Conj/Fire      13%        2d6       41%         4
f - Apportation           Tloc           26%        N/A       4%          1
Your spell library was empty.

Dungeon Overview and Level Annotations

Branches:
Dungeon (2/15)

Altars:
Uskayaw

Shops:
D:1 (*!

Annotations:
D:2 Terence


Innate Abilities, Weirdness & Mutations

You are immune to sickness and miasma.
You are immune to poison.
Your flesh is very heat resistant. (rF++)
You are very vulnerable to cold. (rC--)
You float through the air rather than walking.
You learn spells naturally, not from books.
Your magical power is your life essence.
You have superior vitality. (+4 MHP)
You possess an exceptional clarity of mind.


Message History

Confirm with . or Enter, or press ? or * to list all spells.
Okay, then.
Terence the Incautious comes into view.
He is wielding a +0 mace.
Terence shouts!
Casting: Foxfire (safe; 4% risk of failure)
Confirm with . or Enter, or press ? or * to list all spells.
You conjure some foxfire!
The foxfire hits Terence.
Terence is lightly wounded.
Casting: Foxfire (safe; 4% risk of failure)
Confirm with . or Enter, or press ? or * to list all spells.
You conjure some foxfire!
The foxfire hits Terence but does no damage.
Terence is lightly wounded.
The foxfire hits Terence.
Terence is lightly wounded.
Casting: Foxfire (safe; 4% risk of failure)
Confirm with . or Enter, or press ? or * to list all spells.
The spell is quite dangerous to miscast (14% risk of failure)!
Continue anyway? [Y]es or [N]o only, please.
The spell is quite dangerous to miscast (14% risk of failure)!
Continue anyway? [Y]es or [N]o only, please.
The spell is quite dangerous to miscast (14% risk of failure)!
Continue anyway?
Okay, then.
Casting: Kindle Blastsparks (quite dangerous; 14% risk of failure)
Confirm with . or Enter, or press ? or * to list all spells.
Flames lash Terence.
Terence is severely wounded.
Terence's fire resistance burns away.
Terence hits you with a +0 mace!
Casting: Scorch (safe; 7% risk of failure)
Confirm with . or Enter, or press ? or * to list all spells.
Flames lash Terence but do no damage.
Terence hits you with a +0 mace! Terence hits you with a +0 mace.
* * * LOW HITPOINT WARNING * * *
It was a potion of mutation.
You feel extremely strange.
You feel vulnerable to cold.
Your thoughts seem clearer.
Terence says, "You're history."
Terence hits you with a +0 mace!
You die...

.# .# .. .# #
#.. .# .##. #..
.# ........ ##
...#.# # ...#
#+.# ##
#.#######....#
.##
#......@.....#
#.##
##.######@?...#
##.######...####
.......
#.............+
.......
##.######...####
....... #.##
##.## .......
.## ###.#
#.....# ## #...#
#...## # #.###
#+#


You could see Terence (combustible).

Vanquished Creatures
  3 adders (D:2)
  A ball python (D:1)
  2 endoplasms (D:1)
  5 goblins
  A hobgoblin (D:2)
  2 quokkas
  A bat (D:1)
  2 frilled lizards
  A rat (D:1)
18 creatures vanquished.

Vanquished Creatures (others)
  56 foxfires
56 creatures vanquished.

Grand Total: 74 creatures vanquished

Notes
Turn   | Place    | Note
-------+----------+-------------------------------------------
     0 | D:1      | Ijustatesigmund the Djinni Fire Elementalist began the
                  | quest for the Orb.
     0 | D:1      | Ijustatesigmund set off with the following spells
                  | memorised: Foxfire, Scorch, Kindle Blastsparks, Inner
                  | Flame, Flame Wave.
     0 | D:1      | Reached XP level 1. HP: 15/15 MP: 0/0
    56 | D:1      | Found Caoteoc's Distillery.
   131 | D:1      | Found a faded altar of an unknown god.
   278 | D:1      | Reached XP level 2. HP: 22/22 MP: 0/0
   419 | D:1      | Found Ymimoc's Weapon Shop.
   433 | D:1      | Reached skill level 1 in Fighting
   575 | D:1      | Found Uluib's Assorted Antiques.
   591 | D:1      | Bought a scroll labelled GEKIVOI QENG for 24 gold pieces
   925 | D:2      | Found a hide-covered altar of Uskayaw.
   961 | D:2      | Reached XP level 3. HP: 22/27 MP: 0/0
   961 | D:2      | Learned a level 1 spell: Apportation
  1038 | D:2      | Reached skill level 3 in Spellcasting
  1154 | D:2      | Identified the +10 rapier of Overwhelming Force {venom,
                  | rC+}
  1443 | D:2      | Noticed Terence
  1452 | D:2      | Gained mutation: You are very vulnerable to cold. (rC--)
                  | [potion of mutation]
  1452 | D:2      | Gained mutation: You possess an exceptional clarity of
                  | mind. [potion of mutation]
  1452 | D:2      | Slain by Terence

Illustrated notes

Levels and vault maps discovered:
D:1:      dpeg_arrival_arbitrary_a, layout_basic,
          shapermc_ecumenical_altar_venn, serial_shops, shop, shop,
          shop_fountains, nicolae_eternal_life,
          hangedman_abyss_or_decor_lesser_grid
D:2:      layout_loops_corners, basic_altar, minmay_misc_feat_tiny,
          uniq_natasha, uniq_terence

Skill      XL: |  1  2  3 |
---------------+----------+-----
Fighting       | 1 2 |  2.1
Spellcasting   | 3 |  3.0
Dodging        | |  2.1
Stealth        | |  1.5

Action                   || total
-------------------------++-------
Melee: Dagger            ||     5
 Cast: Foxfire           ||    36
       Scorch            ||     2
  Use: Scroll            ||     2
       Potion            ||     1
Armor: Robe              ||     2
Dodge: Dodged            ||    13

Table legend: (Time is in decaauts)
 A = Elapsed time spent in this place.
 B = Non-inter-level travel time spent in this place.
 C = Inter-level travel time spent in this place.
 D = Time resting spent in this place.
 E = Time spent auto-exploring this place.
 F = Levels seen in this place.
 G = Mean time per level.
                   A        B        C        D        E       F      G
               +--------+--------+--------+--------+--------+-----+--------+
         Total |   1450 |   1414 |     36 |      0 |   1255 |   2 |  725.0 |
       Dungeon |   1450 |   1414 |     36 |      0 |   1255 |   2 |  725.0 |
               +--------+--------+--------+--------+--------+-----+--------+

Top non-repeatable levels by time:
     D:1: 887 daAuts
     D:2: 563 daAuts
